 Dungeon Crawl Stone Soup version 0.19.0 (webtiles) character file.

93 Gorglomux the Ruffian (level 4, -6/41 HPs)
             Began as a Ghoul Monk on Nov 1, 2016.
             Splashed by a jelly's acid (9 damage)
             ... on level 3 of the Dungeon.
             The game lasted 00:02:58 (1987 turns).

Gorglomux the Ruffian (Ghoul Monk)                  Turns: 1987, Time: 00:02:59

Health: -6/41      AC: -5    Str: 15    XL:     4   Next: 61%
Magic:  3/3        EV: 12    Int:  5    God:
Gold:   189        SH:  0    Dex: 11    Spells: 0 memorised, 3 levels left

rFire  . . .     SeeInvis .       - Unarmed
rCold  + . .     Gourm    .     a - +0 robe
rNeg   + + +     Faith    .     (no shield)
rPois  ∞         Spirit   .     (no helmet)
rElec  .         Reflect  .     (no cloak)
rCorr  .         Harm     .     (no gloves)
MR     .....                    o - +0 pair of boots
Stlth  ++........               (no amulet)
                                (no ring)
                                (no ring)

@: corroded, rotting
A: rotting body, claws 1, carnivore 3, cold resistance 1, negative energy
resistance 3, slow regeneration 1, torment resistance, unbreathing
a: no special abilities


You were on level 3 of the Dungeon.
You were not hungry.

You visited 1 branch of the dungeon, and saw 3 of its levels.

You collected 189 gold pieces.

Inventory:

Armour
 a - a +0 robe (worn)
 o - a +0 pair of boots (worn)
Wands
 l - a wand of iceblast (7/15)
Scrolls
 d - a scroll of remove curse {unknown}
 g - 4 scrolls of enchant armour {unknown}
 h - a scroll of identify {unknown}
 i - a scroll of fog {unknown}
 j - a scroll of recharging {unknown}
 n - a scroll of amnesia {unknown}
 p - a scroll of enchant weapon {unknown}
Potions
 c - 2 potions of curing {unknown}
 e - a potion of berserk rage {unknown}
 f - a potion of heal wounds {unknown}
Comestibles
 b - a meat ration
 k - 2 beef jerkies
 m - 11 chunks of flesh


   Skills:
 + Level 4.3 Fighting
 - Level 2.6 Dodging
 - Level 2.1 Stealth
 * Level 5.0 Unarmed Combat


You had 3 spell levels left.
You didn't know any spells.

Dungeon Overview and Level Annotations

Branches:
Dungeon (3/15)

Altars:


Innate Abilities, Weirdness & Mutations

Your body is rotting away.
You thrive on raw meat.
You are immune to poison.
You have sharp fingernails.
You are carnivorous and can eat meat at any time.
Your flesh is cold resistant. (rC+)
You are immune to negative energy. (rN+++)
You regenerate slowly when monsters are visible.
You are immune to unholy pain and torment.
You can survive without breathing.


Message History

The jelly is heavily wounded.
The bat hits you. The jelly barely misses you.
You scratch the jelly.
Your claws burn!
The jelly is severely wounded.
The bat closely misses you. The bat hits you. The jelly closely misses you.
You scratch the jelly but do no damage.
Your claws burn!
* * * LOW HITPOINT WARNING * * *
The jelly is severely wounded.
The bat hits you.
* * * LOW HITPOINT WARNING * * *
The jelly barely misses you.
You scratch the jelly.
Your claws burn!
* * * LOW HITPOINT WARNING * * *
The jelly is severely wounded.
The bat hits you.
* * * LOW HITPOINT WARNING * * *
The jelly hits you.
* * * LOW HITPOINT WARNING * * *
The acid corrodes you!
You are splashed with acid!
The acid burns!
You die...

....# ####.#.######
.#...........#
...........#.#
#.#.##.#.#########
#..........%.....#
#.#...........#...
.###.##.#..#.#.####.....
......J@...#.#.# ###...
.###.##b.###.#.# ##.#
#(.....#.# #..
.....####.# ### .###..#
#.# #..# #.# .... ..#
#..##


You could see a jelly and a bat.

Vanquished Creatures
  3 adders
  An ooze (D:2)
  3 worms
  A dart slug (D:1)
  A leopard gecko (D:2)
  A ball python (D:3)
  A giant cockroach (D:2)
  7 goblins
  4 hobgoblins
  7 jackals
  A quokka (D:3)
  8 bats
  2 frilled lizards
  6 kobolds (D:1)
  6 rats
52 creatures vanquished.

Notes
Turn   | Place    | Note
-------+----------+-------------------------------------------
     0 | D:1      | Gorglomux the Ghoul Monk began the quest for the Orb.
     0 | D:1      | Reached XP level 1. HP: 19/19 MP: 0/0
   293 | D:1      | Reached XP level 2. HP: 9/26 MP: 1/1
   832 | D:1      | Reached skill level 4 in Unarmed Combat
   903 | D:1      | Reached XP level 3. HP: 26/33 MP: 2/2
  1365 | D:2      | Reached XP level 4. HP: 26/40 MP: 3/3
  1918 | D:3      | Reached skill level 5 in Unarmed Combat
  1987 | D:3      | Splashed by a jelly's acid

Skill      XL: |  1  2  3  4 |
---------------+-------------+-----
Unarmed Combat | 4 5 |  5.0
Fighting       | 4 |  4.3
Dodging        | |  2.6
Stealth        | |  2.1

Action                   |  1- 3 |  4- 6 || total
-------------------------+-------+-------++-------
Melee: Unarmed           |   108 |    70 ||   178
 Stab: Sleeping          |     3 |     2 ||     5
  Eat: Chunk             |     3 |     2 ||     5
Armor: Robe              |    22 |    15 ||    37
Dodge: Dodged            |    71 |    47 ||   118
